 Dungeon Crawl Stone Soup version 0.28-a0-883-gc8d7bad45d (webtiles) character file.

Game seed: 5186473104415782923

7025 mandarbmax the Destroyer (level 11, -7/63 HPs)
             Began as a Tengu Air Elementalist on Nov 21, 2021.
             Was an Initiate of Gozag.
             Mangled by a troll (11 damage)
             ... on level 10 of the Dungeon.
             The game lasted 00:34:11 (12728 turns).

mandarbmax the Destroyer (Tengu Air Elementalist)  Turns: 12728, Time: 00:34:13

Health: -7/63      AC:  6    Str: 14    XL:     11   Next: 8%
Magic:  16/21      EV: 18    Int: 19    God:    Gozag
Gold:   1625       SH:  0    Dex: 15    Spells: 9/22 levels left

rFire   . . .      SeeInvis .   l - staff of air
rCold   . . .      Faith    .   (no shield)
rNeg    . . .      Spirit   .   z - +0 steam dragon scales
rPois   .          Reflect  .   (helmet restricted)
rElec   +          Harm     .   e - +0 cloak
rCorr   .          Rampage  .   (no gloves)
Will    .....                   (boots unavailable)
Stlth   ++........              o - amulet of magic regeneration
HPRegen 0.20/turn               f - +6 ring of strength
MPRegen 0.42/turn               v - ring of wizardry

@: gold aura, flying quickly and evasively, quick
A: beak, talons 3, nimble flight
a: Renounce Religion, Potion Petition, Call Merchant, Bribe Branch


You were on level 10 of the Dungeon.
You worshipped Gozag.
Gozag was most pleased with you.
You visited 1 branch of the dungeon, and saw 10 of its levels.
You also visited: Sewer.

You collected 1750 gold pieces.
You paid 125 gold pieces to Gozag.

Inventory:

Missiles
 r - 2 throwing nets
Armour
 e - a +0 cloak (worn)
 z - +0 steam dragon scales (worn)
Magical Staves
 l - a staff of air (weapon)
Jewellery
 f - a +6 ring of strength (left hand)
 o - an amulet of magic regeneration (around neck)
 u - a ring of willpower
 v - a ring of wizardry (right hand)
Wands
 h - a wand of paralysis (9)
 i - a wand of iceblast (4)
 k - a wand of digging (3)
 B - a wand of flame (15)
Scrolls
 b - a scroll of holy word {unknown}
 d - a scroll of vulnerability {unknown}
 j - a scroll of blinking {unknown}
 n - a scroll of fog {unknown}
 p - 2 scrolls of magic mapping
 y - 2 scrolls of teleportation
 C - 2 scrolls of amnesia {unknown}
 D - a scroll of enchant weapon {unknown}
Potions
 a - a potion of brilliance
 c - a potion of berserk rage
 g - 2 potions of might {unknown}
 m - a potion of resistance
 q - a potion of heal wounds
 s - a potion of cancellation {unknown}
 w - 2 potions of curing
 x - a potion of mutation {unknown}
 A - a potion of degeneration {unknown}


   Skills:
 - Level 5.0 Fighting
 - Level 7.0 Dodging
 - Level 2.0 Stealth
 - Level 6.0 Spellcasting
 + Level 13.1 Conjurations
 - Level 12.0 Air Magic


You had 9 spell levels left.
You knew the following spells:

 Your Spells              Type           Power      Damage    Failure   Level
a - Shock                 Conj/Air       100%       1d9       1%          1
b - Static Discharge      Conj/Air       69%        N/A       1%          2
c - Airstrike             Air            33%        N/A       1%          4
d - Swiftness             Air            67%        N/A       1%          3
e - Mephitic Cloud        Conj/Pois/Air  54%        N/A       1%          3

Your spell library contained the following spells:

 Spells                   Type           Power      Damage    Failure   Level
 Magic Dart               Conj           100%       1d8       1%          1
 Conjure Flame            Conj/Fire      30%        6-21      1%          3
 Dazzling Flash           Conj/Hex       60%        N/A       1%          3
 Iskenderun's Mystic Bla  Conj/Tloc      30%        2d8       3%          4
 Sticky Flame             Conj/Fire      30%        2d5       3%          4
 Call Imp                 Summ           5%         N/A       7%          2
 Ensorcelled Hibernation  Hex/Ice        10%        N/A       7%          2
 Silence                  Hex/Air        21%        N/A       11%         5
 Ignite Poison            Fire/Tmut/Pois 5%         N/A       13%         3
 Ozocubu's Armour         Ice            5%         N/A       13%         3
 Tukima's Dance           Hex            5%         N/A       13%         3
 Animate Dead             Necr           2%         N/A       38%         4
 Passage of Golubria      Tloc           5%         N/A       38%         4
 Starburst                Conj/Fire      15%        6d6       41%         6
 Borgnjor's Vile Clutch   Necr/Erth      2%         N/A       73%         5
 Death Channel            Necr           2%         N/A       99%         6
 Ozocubu's Refrigeration  Ice            2%         4d5       100%        7
 Lehudib's Crystal Spear  Conj/Erth      15%        10d5      100%        8


Dungeon Overview and Level Annotations

Branches:
Dungeon (10/15)            Temple (0/1) D:7           Sewer (visited)
   Lair: D:8-11         Orc: D:9-12

Altars:
Gozag
Xom
The Shining One

Shops:
D:2 [   D:5 (   D:6 (


Innate Abilities, Weirdness & Mutations

You have a beak for a mouth.
You have claws for feet.
Your magical nature lets you fly swiftly and evasively.


Message History

You resist.
You are struck by an arc of lightning.
The lightning grounds out.
The troll is struck by an arc of lightning!
The troll is moderately wounded.
The lightning grounds out.
The hound bites you. The troll misses you. The troll claws you! x2
Unknown command.
Casting: Static Discharge (safe; 1% risk of failure)
Confirm with . or Enter, or press ? or * to list all spells.
You feel a surge of power!
The hound is struck by an arc of lightning.
The hound is moderately wounded.
The lightning grounds out.
The troll is struck by an arc of lightning!
The troll is heavily wounded.
You resist.
You are struck by an arc of lightning.
The hound is struck by an arc of lightning!
The hound is severely wounded.
You resist.
You are struck by an arc of lightning.
The lightning grounds out.
The hound misses you. The hound closely misses you. The troll bites you.
The troll completely misses you. The troll claws you!
* * * LOW HITPOINT WARNING * * *
Casting: Static Discharge (safe; 1% risk of failure)
Confirm with . or Enter, or press ? or * to list all spells.
You feel a surge of power!
The hound is struck by an arc of lightning!
You kill the hound!
You resist.
You are struck by an arc of lightning.
* * * LOW HITPOINT WARNING * * *
The troll is struck by an arc of lightning.
The troll is severely wounded.
The lightning grounds out.
The troll is struck by an arc of lightning.
The troll is severely wounded.
You resist.
You are struck by an arc of lightning.
* * * LOW HITPOINT WARNING * * *
The lightning grounds out.
The troll bites you!
* * * LOW HITPOINT WARNING * * *
The troll claws you but does no damage. The troll claws you!
You die...
Your body crumbles into a pile of gold.

.≈$...................#
≈.≈≈...<..............#
.≈≈≈..................#
.≈≈≈≈.................#
≈$≈...................#
≈≈≈...................#
≈.≈≈≈.................#
..............$$......#
...≈.........$@T.....#
....######.#.))...###
... #..).)...## $
##.#.....##
##.#.......#.
#............#
##.#.......#.#
####.....##.# #.....# #


You could see a troll.

Vanquished Creatures
  Harold (D:9)
  The ghost of snackwell the Magician, a novice DjFE of Makhleb (D:6)
  Maggie (D:8)
  2 hornets (D:8)
  2 trolls
  A wraith (D:6)
  A water moccasin (D:7)
  6 orc warriors
  2 sky beasts
  Pargi (Sewer)
  A black bear (D:6)
  An ice beast (D:4)
  4 necrophages
  An ogre (D:5)
  3 wolves (D:10)
  3 centaurs
  A phantom (D:6)
  5 kobold brigands
  2 bullfrogs
  A scorpion (D:6)
  A wyvern skeleton (D:7)
  6 killer bees (D:6)
  6 wights
  3 electric eels (D:7)
  A howler monkey (D:9)
  2 bullfrog zombies (D:6)
  3 centaur zombies
  5 hounds (D:10)
  An orc priest (D:9)
  A gnoll shaman (D:6)
  A jelly (D:6)
  A bullfrog skeleton (D:4)
  A centaur skeleton (D:7)
  3 orc wizards
  8 iguanas
  A hound skeleton (D:4)
  A howler monkey zombie (D:9)
  5 gnolls (D:6)
  8 adders
  A shadow imp (D:7)
  A white imp (D:5)
  An adder skeleton (D:4)
  8 dart slugs
  35 orcs
  6 endoplasms
  2 giant cockroaches
  14 goblins
  12 hobgoblins
  3 jackals (D:1)
  4 quokkas
  6 ball pythons
  4 bats
  6 frilled lizards
  31 kobolds
  5 rats
237 creatures vanquished.

Vanquished Creatures (others)
  2 plants (D:1)
2 creatures vanquished.

Grand Total: 239 creatures vanquished

Notes
Turn   | Place    | Note
-------+----------+-------------------------------------------
     0 | D:1      | mandarbmax the Tengu Air Elementalist began the quest for
                  | the Orb.
     0 | D:1      | Reached XP level 1. HP: 10/10 MP: 4/4
   100 | D:1      | Reached skill level 2 in Conjurations
   176 | D:1      | Reached XP level 2. HP: 13/15 MP: 0/6
   366 | D:1      | Reached skill level 3 in Conjurations
   418 | D:1      | Learned a level 2 spell: Static Discharge
   658 | D:1      | Noticed an eye of devastation
   667 | D:1      | Found a faded altar of an unknown god.
   668 | D:1      | Noticed a great orb of eyes
   684 | D:1      | Noticed a floating eye
   694 | D:1      | Noticed an eye of devastation
   801 | D:1      | Reached XP level 3. HP: 19/19 MP: 3/7
  1064 | D:1      | Reached skill level 4 in Conjurations
  1609 | D:2      | Found Olylouf's Armour Shoppe.
  1938 | D:2      | Reached XP level 4. HP: 24/24 MP: 2/8
  2394 | D:3      | Reached skill level 5 in Air Magic
  2433 | D:2      | Gained mutation: Your magical nature lets you fly swiftly
                  | and evasively. [Tengu growth]
  2433 | D:2      | Reached XP level 5. HP: 11/28 MP: 1/10
  2527 | D:3      | Found a glowing drain.
  2539 | Sewer    | Entered a sewer
  2687 | Sewer    | Noticed Pargi
  2693 | Sewer    | Killed Pargi
  2694 | Sewer    | Reached XP level 6. HP: 23/32 MP: 4/11
  3152 | D:3      | Learned a level 4 spell: Airstrike
  3156 | D:3      | Learned a level 3 spell: Swiftness
  3902 | D:4      | Noticed an ice beast
  3908 | D:4      | Killed an ice beast
  4462 | D:5      | Entered Level 5 of the Dungeon
  4487 | D:5      | Reached XP level 7. HP: 36/36 MP: 6/12
  4531 | D:5      | Found Vurramaw's Weapon Shop.
  4640 | D:5      | Reached skill level 5 in Dodging
  5862 | D:6      | Found Fuozock's Firing Range.
  5977 | D:6      | Reached XP level 8. HP: 32/41 MP: 6/13
  6078 | D:6      | Reached skill level 10 in Air Magic
  6120 | D:6      | Reached skill level 5 in Conjurations
  6197 | D:6      | Reached skill level 6 in Conjurations
  6269 | D:6      | Found a runed translucent gate.
  6271 | D:6      | Found a runed translucent gate.
  6271 | D:6      | Found a runed translucent gate.
  6273 | D:6      | Found an opulent altar of Gozag.
  6273 | D:6      | Noticed a wraith
  6287 | D:6      | Noticed snackwell's ghost (novice DjFE)
  6359 | D:6      | Found a glowing golden altar of the Shining One.
  6360 | D:6      | Found a shimmering altar of Xom.
  6695 | D:6      | Reached XP level 9. HP: 45/45 MP: 13/16
  6699 | D:6      | Learned a level 3 spell: Mephitic Cloud
  7121 | D:6      | Reached skill level 1 in Fighting
  7125 | D:6      | Reached skill level 7 in Conjurations
  7126 | D:6      | HP: 2/48 [snackwell's ghost (8)]
  7129 | D:6      | Killed snackwell's ghost
  7130 | D:6      | Reached skill level 8 in Conjurations
  7130 | D:6      | Reached skill level 9 in Conjurations
  7322 | D:6      | Became a worshipper of Gozag Ym Sagoz the Greedy
  7828 | D:7      | Found a staircase to the Ecumenical Temple.
  7968 | D:7      | Reached skill level 10 in Conjurations
  9175 | D:8      | Reached XP level 10. HP: 56/56 MP: 8/17
  9430 | D:8      | Reached skill level 5 in Fighting
  9963 | D:8      | Paralysed by a hornet for 3 turns
 10224 | D:8      | Noticed Maggie
 10236 | D:8      | Killed Maggie
 10611 | D:9      | Reached skill level 5 in Spellcasting
 10898 | D:9      | Noticed Harold
 11009 | D:9      | Killed Harold
 11010 | D:9      | Reached skill level 11 in Conjurations
 11871 | D:9      | Reached skill level 12 in Conjurations
 12352 | D:10     | Entered Level 10 of the Dungeon
 12365 | D:10     | Reached XP level 11. HP: 56/63 MP: 2/21
 12485 | D:10     | Reached skill level 13 in Conjurations
 12728 | D:10     | Mangled by a troll

Illustrated notes

Levels and vault maps discovered:
D:1:      lemuel_arrival_broad_hall, layout_basic, serial_bayou,
          serial_bayou_pond_e, serial_bayou_shore_b, serial_bayou_shore_a,
          serial_bayou_pond_d, hellmonk_ecumenical_altar_watching_god,
          minmay_box_of_dots
D:2:      layout_loops_ring, serial_shops, nicolae_shop_hallway_plus
D:3:      cheibrodos_greedy_goblins, layout_basic, portal_sewer_entry_d
D:4:      layout_basic
D:5:      layout_loops_corners, serial_shops, nicolae_shop_bloodbath_and_beyond
D:6:      layout_basic, gammafunk_temple_overflow_statue, ebering_ghost_gozag,
          nicolae_shop_firing_range
D:7:      kennysheep_slugbush, layout_layer_cave, minmay_temple_entry_hall
D:8:      layout_loops_ring, uniq_maggie
D:9:      minmay_goldmine, layout_irregular_city, glass_columns_a, uniq_harold
D:10:     minmay_tri_box, layout_cross, erik_lair_island

Skill      XL: |  1  2  3  4  5  6  7  8  9 10 11 |
---------------+----------------------------------+-----
Conjurations   | 2 3 4 6 10 12 13 | 13.1
Air Magic      | 5 6 9 11 12 | 12.0
Spellcasting   | 3 4 6 |  6.0
Dodging        | 3 4 5 6 7 |  7.0
Fighting       | 3 5 |  5.0
Stealth        | |  2.0

Action                   |  1- 3 |  4- 6 |  7- 9 | 10-12 || total
-------------------------+-------+-------+-------+-------++-------
Melee: Unarmed           |       |     9 |       |       ||     9
       Kick              |       |     3 |     6 |     5 ||    14
       Peck              |       |     1 |     3 |     2 ||     6
       Staff             |       |       |     9 |    14 ||    23
 Cast: Shock             |    78 |    66 |    85 |    41 ||   270
       Static Discharge  |       |    12 |    28 |    44 ||    84
       Airstrike         |       |     7 |    47 |    38 ||    92
       Mephitic Cloud    |       |       |       |     1 ||     1
Evoke: Wand              |       |       |     1 |     3 ||     4
  Use: Scroll            |       |     1 |     8 |     3 ||    12
       Potion            |       |       |     3 |       ||     3
 Stab: Confused          |       |       |       |     1 ||     1
Armor: Robe              |     3 |     1 |     9 |     2 ||    15
       Steam dragon scal |       |       |       |    10 ||    10
Dodge: Dodged            |    11 |    22 |    39 |    71 ||   143

Table legend: (Time is in decaauts)
 A = Elapsed time spent in this place.
 B = Non-inter-level travel time spent in this place.
 C = Inter-level travel time spent in this place.
 D = Time resting spent in this place.
 E = Time spent auto-exploring this place.
 F = Levels seen in this place.
 G = Mean time per level.
                   A        B        C        D        E       F      G
               +--------+--------+--------+--------+--------+-----+--------+
         Total |  12235 |  11723 |    512 |   2120 |   8272 |  11 | 1112.3 |
       Dungeon |  11891 |  11379 |    512 |   2069 |   8017 |  10 | 1189.1 |
         Sewer |    344 |    344 |      0 |     51 |    255 |   1 |  344.0 |
               +--------+--------+--------+--------+--------+-----+--------+

Top non-repeatable levels by time:
     D:9: 1849 daAuts
     D:7: 1514 daAuts
     D:8: 1512 daAuts
     D:6: 1466 daAuts
     D:5: 1313 daAuts
     D:1: 1291 daAuts
     D:2: 1134 daAuts
     D:3: 885 daAuts
     D:4: 831 daAuts
   Sewer: 344 daAuts
    D:10: 91 daAuts
